| TOP OF THE 1ST |
|
Washington (APP) Nationals batting - Pitching for Kingsport Mets : RHP Dan Mathews
|
|
Pitching: RHP Dan Mathews
|
|
|
Batting: LHB Chris Williams
|
0-0: Ball 1-0: Ball 2-0: Foul Ball, location: 2F 2-1: Ball 3-1: Swinging Strike 3-2: Base on Balls
|
|
Batting: RHB Er Le
|
0-0: Ball 1-0: SINGLE (Line Drive, 9S, EV 98.1 MPH) Chris Williams to second Runner from 2nd tries for 3rd, OUT! 9-5
|
|
Now in RF: Matt Baker
|
|
|
Batting: SHB Ed Thorpe Jr.
|
0-0: Ball 1-0: Ground out U3 (Groundball, 3S, EV 61.9 MPH) Er Le to second
|
|
Batting: RHB Justin Davenport
|
0-0: Ball 1-0: Swinging Strike 1-1: Swinging Strike 1-2: Foul Ball, location: 2F 1-2: Ball 2-2: Fly out, F9 (Flyball, 89D, EV 81.2 MPH)
|
| Top of the 1st over - 0 runs, 1 hit, 0 errors, 1 left on base; Washington (APP) 0 - Kingsport 0 |
| BOTTOM OF THE 1ST |
|
Kingsport Mets batting - Pitching for Washington (APP) Nationals : RHP Nolan Carew
|
|
Pitching: RHP Nolan Carew
|
|
|
Batting: RHB Michael Youngberry
|
0-0: Foul Ball, location: 2F 0-1: Ground out 4-3 (Groundball, 4, EV 111.2 MPH)
|
|
Batting: RHB Enrique Aguirre
|
0-0: Ball 1-0: Ball 2-0: Swinging Strike 2-1: Foul Ball, location: 2F 2-2: Strikes out swinging
|
|
Batting: SHB Tyler Maddux
|
0-0: SINGLE (Flyball, 8LS, EV 91.9 MPH)
|
|
Batting: SHB Nick Daigle
|
0-0: Ball 1-0: Foul Ball, location: 2F 1-1: Called Strike 1-2: Ball Tyler Maddux is caught stealing 2nd base 2-6
|
| Bottom of the 1st over - 0 runs, 1 hit, 0 errors, 0 left on base; Washington (APP) 0 - Kingsport 0 |
| TOP OF THE 2ND |
|
Washington (APP) Nationals batting - Pitching for Kingsport Mets : RHP Dan Mathews
|
|
Batting: RHB Tylor Cyr
|
0-0: Ball 1-0: Foul Ball, location: 2F 1-1: Called Strike 1-2: Ball 2-2: Foul Ball, location: 2F 2-2: Ball 3-2: Base on Balls
|
|
Batting: RHB Xavier Reeves
|
0-0: Ball Tylor Cyr is caught stealing 2nd base 2-4 1-0: Ball 2-0: Ball 3-0: Called Strike 3-1: Base on Balls
|
|
Batting: RHB Taffounnout Kame
|
0-0: Called Strike Xavier Reeves steals 2nd base 0-1: Ball 1-1: Ball 2-1: Ball 3-1: Base on Balls
|
|
Batting: RHB Aaron Bateman
|
0-0: Foul Ball, location: 2F 0-1: DOUBLE (Flyball, 8RD, EV 91.9 MPH) Xavier Reeves scores Taffounnout Kame to third Runner from 3rd tries for Home, SAFE, no throw by CF
|
|
Batting: SHB Nolan Carew
|
0-0: Called Strike 0-1: Foul Ball, location: 2F 0-2: Ball 1-2: SINGLE (Line Drive, 34, EV 95.6 MPH) Aaron Bateman to third
|
|
Batting: LHB Chris Williams
|
0-0: SINGLE (Groundball, 6D, EV 100.6 MPH) Aaron Bateman scores Nolan Carew to second
|
|
Batting: RHB Er Le
|
0-0: Ball 1-0: Foul Ball, location: 2F 1-1: Ball 2-1: Ball 3-1: Base on Balls Nolan Carew to third Chris Williams to second
|
|
Batting: SHB Ed Thorpe Jr.
|
0-0: Ball 1-0: Called Strike 1-1: Fielders Choice at 2nd, 4-6 (Groundball, 4, EV 103.1 MPH) Nolan Carew scores Chris Williams to third
|
|
Batting: RHB Justin Davenport
|
0-0: 3-RUN HOME RUN (Flyball, 7D, EV 95.6 MPH), Distance : 377 ft
|
|
Pitching: RHP Sandro Fibonacci
|
|
|
Batting: RHB Tylor Cyr
|
0-0: Fly out, F7 (Flyball, 7D, EV 101.2 MPH)
|
| Top of the 2nd over - 7 runs, 4 hits, 0 errors, 0 left on base; Washington (APP) 7 - Kingsport 0 |
| BOTTOM OF THE 2ND |
|
Kingsport Mets batting - Pitching for Washington (APP) Nationals : RHP Nolan Carew
|
|
Batting: SHB Nick Daigle
|
0-0: Called Strike 0-1: Ball 1-1: Ball 2-1: Called Strike 2-2: Ball 3-2: Ground out 6-3 (Groundball, 6, EV 86.2 MPH)
|
|
Batting: LHB Matt Baker
|
0-0: Fly out, F8 (Flyball, 8LD, EV 105.6 MPH)
|
|
Batting: SHB Keith Casner
|
0-0: Called Strike 0-1: Ball 1-1: Ball 2-1: Ball 3-1: Called Strike 3-2: Foul Ball, location: 2F 3-2: Foul Ball, location: 2F 3-2: Foul Ball, location: 2F 3-2: Base on Balls
|
|
Batting: RHB Chris Artz
|
0-0: Ball 1-0: Called Strike 1-1: Swinging Strike 1-2: Ball 2-2: Foul Ball, location: 2F 2-2: Ball 3-2: Foul Ball, location: 2F 3-2: Strikes out looking
|
| Bottom of the 2nd over - 0 runs, 0 hits, 0 errors, 1 left on base; Washington (APP) 7 - Kingsport 0 |
| TOP OF THE 3RD |
|
Washington (APP) Nationals batting - Pitching for Kingsport Mets : RHP Sandro Fibonacci
|
|
Batting: RHB Xavier Reeves
|
0-0: Called Strike 0-1: Ball 1-1: SINGLE (Groundball, 6MD, EV 103.1 MPH)
|
|
Batting: RHB Taffounnout Kame
|
0-0: Called Strike 0-1: Ball 1-1: Called Strike 1-2: Ball Passed Ball! Xavier Reeves to second 2-2: Ground out 5-3 (Groundball, 5, EV 88.8 MPH)
|
|
Batting: RHB Aaron Bateman
|
0-0: Called Strike Xavier Reeves steals 3rd base 0-1: Ground out 5-3 (Groundball, 56, EV 88.8 MPH) Xavier Reeves scores
|
|
Batting: SHB Nolan Carew
|
0-0: Ball 1-0: Ball 2-0: Called Strike 2-1: Ball 3-1: Foul Ball, location: 2F 3-2: Strikes out swinging
|
| Top of the 3rd over - 1 run, 1 hit, 0 errors, 0 left on base; Washington (APP) 8 - Kingsport 0 |
| BOTTOM OF THE 3RD |
|
Kingsport Mets batting - Pitching for Washington (APP) Nationals : RHP Nolan Carew
|
|
Batting: SHB Adonis Jones
|
0-0: Ball 1-0: Ball 2-0: Ball 3-0: Base on Balls
|
|
Batting: RHB Sam Callahan
|
0-0: Called Strike 0-1: Foul Ball, location: 2F 0-2: Ball 1-2: Foul Ball, location: 2F 1-2: Ball 2-2: Fielders Choice at 2nd, 4-6 (Groundball, 4M, EV 84.4 MPH)
|
|
Batting: RHB Michael Youngberry
|
0-0: Ball 1-0: Ball Pickoff Throw by Catcher to First - Out! 2-0: Ball 3-0: Base on Balls
|
|
Batting: RHB Enrique Aguirre
|
0-0: Ball 1-0: Called Strike 1-1: Swinging Strike 1-2: Ground out U3 (Groundball, 34, EV 106.2 MPH)
|
| Bottom of the 3rd over - 0 runs, 0 hits, 0 errors, 1 left on base; Washington (APP) 8 - Kingsport 0 |
| TOP OF THE 4TH |
|
Washington (APP) Nationals batting - Pitching for Kingsport Mets : RHP Sandro Fibonacci
|
|
Batting: LHB Chris Williams
|
0-0: Foul Ball, location: 2F 0-1: Ball 1-1: Ball 2-1: Ball 3-1: Base on Balls
|
|
DELAY
|
Rain delay of 26 minutes in the 4th inning.
|
|
Batting: RHB Er Le
|
0-0: Fly out, F3 (Line Drive, 34, EV 65.6 MPH) Lined into DP, U3 (Line Drive, 34, EV 70.6 MPH)
|
|
Batting: SHB Ed Thorpe Jr.
|
0-0: Called Strike 0-1: Foul Ball, location: 2F 0-2: Strikes out swinging
|
| Top of the 4th over - 0 runs, 0 hits, 0 errors, 0 left on base; Washington (APP) 8 - Kingsport 0 |
| BOTTOM OF THE 4TH |
|
Kingsport Mets batting - Pitching for Washington (APP) Nationals : RHP Nolan Carew
|
|
Batting: SHB Tyler Maddux
|
0-0: Ball 1-0: Swinging Strike 1-1: Ball 2-1: Ground out 5-3 (Groundball, 56S, EV 84.4 MPH)
|
|
Batting: SHB Nick Daigle
|
0-0: Ball 1-0: Ball 2-0: Ball 3-0: Called Strike 3-1: Foul Ball, location: 2F 3-2: Foul Ball, location: 2F 3-2: Base on Balls
|
|
Batting: LHB Matt Baker
|
0-0: Fielders Choice at 2nd, 1-6 (Groundball, 34S, EV 75.0 MPH)
|
|
Batting: SHB Keith Casner
|
0-0: Ball Wild Pitch! Matt Baker to second 1-0: Ball 2-0: Ball 3-0: Called Strike 3-1: Base on Balls
|
|
Batting: RHB Chris Artz
|
0-0: Called Strike 0-1: Ball 1-1: Called Strike 1-2: Foul Ball, location: 2F 1-2: Foul Ball, location: 2F 1-2: Ball 2-2: Foul Ball, location: 2F 2-2: Ball 3-2: Foul Ball, location: 2F 3-2: Strikes out looking
|
| Bottom of the 4th over - 0 runs, 0 hits, 0 errors, 2 left on base; Washington (APP) 8 - Kingsport 0 |
| TOP OF THE 5TH |
|
Washington (APP) Nationals batting - Pitching for Kingsport Mets : RHP Sandro Fibonacci
|
|
Batting: RHB Justin Davenport
|
0-0: Ball 1-0: Swinging Strike 1-1: Foul Ball, location: 2F 1-2: Ball 2-2: SOLO HOME RUN (Flyball, 7D, EV 95.6 MPH), Distance : 378 ft
|
|
Batting: RHB Tylor Cyr
|
0-0: Called Strike 0-1: Foul Ball, location: 2F 0-2: Foul Ball, location: 2F 0-2: Foul Ball, location: 2F 0-2: Strikes out swinging
|
|
Batting: RHB Xavier Reeves
|
0-0: Ball 1-0: DOUBLE (Line Drive, 3D, EV 102.5 MPH)
|
|
Batting: RHB Taffounnout Kame
|
0-0: Ball 1-0: Swinging Strike 1-1: 2-RUN HOME RUN (Flyball, 7LD, EV 95.6 MPH), Distance : 358 ft
|
|
Batting: RHB Aaron Bateman
|
0-0: Called Strike 0-1: Ball 1-1: Called Strike 1-2: Fly out, F7 (Flyball, 7LM, EV 90.0 MPH)
|
|
Batting: SHB Nolan Carew
|
0-0: Swinging Strike 0-1: Hit by Pitch
|
|
Batting: LHB Chris Williams
|
0-0: Ball 1-0: Swinging Strike 1-1: Foul Ball, location: 2F 1-2: Ball 2-2: Ground out U3 (Groundball, 3, EV 83.8 MPH)
|
| Top of the 5th over - 3 runs, 3 hits, 0 errors, 1 left on base; Washington (APP) 11 - Kingsport 0 |
| BOTTOM OF THE 5TH |
|
Kingsport Mets batting - Pitching for Washington (APP) Nationals : RHP Nolan Carew
|
|
Batting: SHB Adonis Jones
|
0-0: Ball 1-0: Ball 2-0: Ground out U3 (Groundball, 3D, EV 85.0 MPH)
|
|
Batting: RHB Sam Callahan
|
0-0: Foul Ball, location: 2F 0-1: Ball 1-1: Called Strike 1-2: Foul Ball, location: 2F 1-2: Foul Ball, location: 2F 1-2: Ball 2-2: Foul Ball, location: 2F 2-2: Foul Ball, location: 2F 2-2: Foul Ball, location: 2F 2-2: Ball 3-2: Base on Balls
|
|
Batting: RHB Michael Youngberry
|
0-0: Ball 1-0: Ball 2-0: Ball 3-0: Base on Balls Sam Callahan to second
|
|
Batting: RHB Enrique Aguirre
|
0-0: Foul Ball, location: 2F 0-1: Foul Ball, location: 2F 0-2: Ball 1-2: Foul Ball, location: 2F 1-2: Foul Ball, location: 2F 1-2: SINGLE (Groundball, 4MD, EV 111.9 MPH) Sam Callahan to third Michael Youngberry to second Runner from 3rd tries for Home, SAFE, throw by CF to home
|
|
Pitching: RHP Cheng-ho Tai
|
|
|
Batting: SHB Tyler Maddux
|
0-0: Called Strike 0-1: Foul Ball, location: 2F 0-2: Ball 1-2: Ball 2-2: Ball 3-2: Foul Ball, location: 2F 3-2: Foul Ball, location: 2F 3-2: Fielders Choice at 2nd, 6-4 (Groundball, 6, EV 102.5 MPH) Michael Youngberry to third
|
|
Batting: SHB Nick Daigle
|
0-0: Swinging Strike 0-1: Ball 1-1: SINGLE (Line Drive, 6D, EV 96.9 MPH) Michael Youngberry scores Tyler Maddux to second
|
|
Batting: LHB Matt Baker
|
0-0: Called Strike 0-1: Ball 1-1: Foul Ball, location: 2F 1-2: Ball 2-2: Foul Ball, location: 2F 2-2: Strikes out swinging
|
| Bottom of the 5th over - 2 runs, 2 hits, 0 errors, 2 left on base; Washington (APP) 11 - Kingsport 2 |
| TOP OF THE 6TH |
|
Washington (APP) Nationals batting - Pitching for Kingsport Mets : RHP Sandro Fibonacci
|
|
Batting: RHB Er Le
|
0-0: Ball 1-0: Swinging Strike 1-1: Foul Ball, location: 2F 1-2: Ball 2-2: Strikes out swinging
|
|
Batting: SHB Ed Thorpe Jr.
|
0-0: Ball 1-0: Ball 2-0: Fly out, F7 (Flyball, 78XD, EV 100.6 MPH)
|
|
Batting: RHB Justin Davenport
|
0-0: Swinging Strike 0-1: Fly out, F9 (Flyball, 9, EV 85.6 MPH)
|
| Top of the 6th over - 0 runs, 0 hits, 0 errors, 0 left on base; Washington (APP) 11 - Kingsport 2 |
| BOTTOM OF THE 6TH |
|
Kingsport Mets batting - Pitching for Washington (APP) Nationals : RHP Cheng-ho Tai
|
|
Batting: SHB Keith Casner
|
0-0: Called Strike 0-1: Ball 1-1: Ball 2-1: Ball 3-1: Base on Balls
|
|
Batting: RHB Chris Artz
|
0-0: Swinging Strike 0-1: Ball 1-1: Ball 2-1: Ball 3-1: Called Strike 3-2: Base on Balls Keith Casner to second
|
|
Batting: SHB Adonis Jones
|
0-0: Ball 1-0: Ball 2-0: Foul Ball, location: 2F 2-1: Swinging Strike 2-2: Ball 3-2: Foul Ball, location: 2F 3-2: Base on Balls Keith Casner to third Chris Artz to second
|
|
Batting: RHB Sam Callahan
|
0-0: Ball 1-0: Ball 2-0: Fly out, F8 (Flyball, 89M, EV 90.0 MPH)
|
|
Batting: RHB Michael Youngberry
|
0-0: Ball 1-0: Called Strike 1-1: Fly out, F9 (Line Drive, 9, EV 93.1 MPH)
|
|
Batting: RHB Enrique Aguirre
|
0-0: Ground out U3 (Groundball, 34, EV 87.5 MPH)
|
| Bottom of the 6th over - 0 runs, 0 hits, 0 errors, 3 left on base; Washington (APP) 11 - Kingsport 2 |
| TOP OF THE 7TH |
|
Washington (APP) Nationals batting - Pitching for Kingsport Mets : RHP Sandro Fibonacci
|
|
Pitching: RHP Jason Jones
|
|
|
Pinch Hitting: RHB Jason Ewert
|
0-0: Ball 1-0: Swinging Strike 1-1: Swinging Strike 1-2: Strikes out swinging
|
|
Pinch Hitting: RHB Justin Van Houten
|
0-0: Swinging Strike 0-1: Ball 1-1: Fly out, F7 (Flyball, 7D, EV 96.9 MPH)
|
|
Pinch Hitting: RHB Steve Kunselman
|
0-0: Called Strike 0-1: Foul Ball, location: 2F 0-2: Foul Ball, location: 2F 0-2: Fly out, F8 (Flyball, 8LM, EV 79.4 MPH)
|
| Top of the 7th over - 0 runs, 0 hits, 0 errors, 0 left on base; Washington (APP) 11 - Kingsport 2 |
| BOTTOM OF THE 7TH |
|
Kingsport Mets batting - Pitching for Washington (APP) Nationals : RHP Cheng-ho Tai
|
|
Now at 3B: Justin Van Houten
|
|
|
Now at SS: Jason Ewert
|
|
|
Now in CF: Steve Kunselman
|
|
|
Now in RF: Chris Williams
|
|
|
Batting: SHB Tyler Maddux
|
0-0: Called Strike 0-1: Called Strike 0-2: Ball 1-2: Reached on error, E4 (Groundball, 4M, EV 90.0 MPH)
|
|
Pitching: LHP Willie Rivera
|
|
|
Batting: SHB Nick Daigle
|
0-0: Called Strike 0-1: Ball 1-1: Called Strike Tyler Maddux steals 2nd base (no throw) 1-2: Ball 2-2: Ball 3-2: Foul Ball, location: 2F 3-2: Base on Balls
|
|
Batting: LHB Matt Baker
|
0-0: Ball 1-0: Ball 2-0: Called Strike 2-1: Reached on error, E4 (Groundball, 4D, EV 84.4 MPH) Tyler Maddux to third Nick Daigle to second
|
|
Batting: SHB Keith Casner
|
0-0: Called Strike 0-1: Foul Ball, location: 2F 0-2: Ball 1-2: Foul Ball, location: 2F 1-2: Ball 2-2: Foul Ball, location: 2F 2-2: SINGLE (Groundball, 4MD, EV 102.5 MPH) Tyler Maddux scores Nick Daigle to third Matt Baker to second Runner from 3rd tries for Home, throw by CF and OUT! 8-2
|
|
Batting: RHB Chris Artz
|
0-0: Ball 1-0: Ball 2-0: Ball 3-0: Base on Balls Matt Baker to third Keith Casner to second
|
|
Batting: SHB Adonis Jones
|
0-0: Ball 1-0: Ball 2-0: Called Strike 2-1: Foul Ball, location: 2F 2-2: Ball 3-2: Base on Balls Matt Baker scores Keith Casner to third Chris Artz to second
|
|
Pitching: RHP Greg Hall
|
|
|
Batting: RHB Sam Callahan
|
0-0: Called Strike 0-1: Ball 1-1: Foul Ball, location: 2F 1-2: SINGLE (Groundball, 56D, EV 107.5 MPH) Keith Casner scores Chris Artz to third Adonis Jones to second Runner from 3rd tries for Home, throw by LF and OUT! 7-2
|
|
Batting: RHB Michael Youngberry
|
0-0: Called Strike 0-1: Swinging Strike 0-2: Ball 1-2: Ball 2-2: Strikes out looking
|
| Bottom of the 7th over - 3 runs, 2 hits, 2 errors, 2 left on base; Washington (APP) 11 - Kingsport 5 |
| TOP OF THE 8TH |
|
Washington (APP) Nationals batting - Pitching for Kingsport Mets : RHP Jason Jones
|
|
Batting: RHB Aaron Bateman
|
0-0: Ball 1-0: Ball 2-0: Swinging Strike 2-1: Ball 3-1: Base on Balls
|
|
Batting: SHB Nolan Carew
|
0-0: Called Strike 0-1: Foul Ball, location: 2F 0-2: Ball 1-2: Ball 2-2: Strikes out swinging
|
|
Batting: LHB Chris Williams
|
0-0: Foul Ball, location: 2F 0-1: Called Strike 0-2: Ball 1-2: Ball 2-2: Ball 3-2: Strikes out swinging Aaron Bateman is caught stealing 2nd base 2-6 Batter strikes out.
|
| Top of the 8th over - 0 runs, 0 hits, 0 errors, 0 left on base; Washington (APP) 11 - Kingsport 5 |
| BOTTOM OF THE 8TH |
|
Kingsport Mets batting - Pitching for Washington (APP) Nationals : RHP Greg Hall
|
|
Batting: RHB Enrique Aguirre
|
0-0: Swinging Strike 0-1: Ball 1-1: Ball 2-1: Foul Ball, location: 2F 2-2: Foul Ball, location: 2F 2-2: Foul Ball, location: 2F 2-2: Strikes out looking
|
|
Batting: SHB Tyler Maddux
|
0-0: Called Strike 0-1: Ball 1-1: Swinging Strike 1-2: Foul Ball, location: 2F 1-2: Foul Ball, location: 2F 1-2: Strikes out swinging
|
|
Batting: SHB Nick Daigle
|
0-0: Called Strike 0-1: Foul Ball, location: 2F 0-2: Strikes out swinging
|
| Bottom of the 8th over - 0 runs, 0 hits, 0 errors, 0 left on base; Washington (APP) 11 - Kingsport 5 |
| TOP OF THE 9TH |
|
Washington (APP) Nationals batting - Pitching for Kingsport Mets : RHP Jason Jones
|
|
Pitching: LHP Mike Mathews
|
|
|
Batting: RHB Er Le
|
0-0: Ball 1-0: DOUBLE (Groundball, 5L, EV 103.8 MPH)
|
|
Batting: SHB Ed Thorpe Jr.
|
0-0: Ball 1-0: Ball 2-0: Called Strike 2-1: Foul Ball, location: 2F 2-2: Ball 3-2: Foul Ball, location: 2F 3-2: Foul Ball, location: 2F 3-2: Base on Balls
|
|
Batting: RHB Justin Davenport
|
0-0: Ball 1-0: Called Strike 1-1: Ball 2-1: Foul Ball, location: 2F 2-2: Strikes out swinging
|
|
Batting: RHB Jason Ewert
|
0-0: Grounds into double play, 4-6-3 (Groundball, 4, EV 77.5 MPH)
|
| Top of the 9th over - 0 runs, 1 hit, 0 errors, 1 left on base; Washington (APP) 11 - Kingsport 5 |
| BOTTOM OF THE 9TH |
|
Kingsport Mets batting - Pitching for Washington (APP) Nationals : RHP Greg Hall
|
|
Batting: LHB Matt Baker
|
0-0: Ground out 4-3 (Groundball, 4, EV 87.5 MPH)
|
|
Batting: SHB Keith Casner
|
0-0: Called Strike 0-1: Ground out 5-3 (Groundball, 6, EV 111.9 MPH)
|
|
Batting: RHB Chris Artz
|
0-0: Foul Ball, location: 2F 0-1: Called Strike 0-2: Ball 1-2: Ball 2-2: DOUBLE (Groundball, 5L, EV 107.5 MPH)
|
|
Batting: SHB Adonis Jones
|
0-0: Ball 1-0: Ball 2-0: Swinging Strike 2-1: Ball 3-1: Foul Ball, location: 2F 3-2: SINGLE (Groundball, 34D, EV 97.5 MPH) Chris Artz to third
|
|
Batting: RHB Sam Callahan
|
0-0: Ground out 4-3 (Groundball, 34, EV 102.5 MPH)
|
| Bottom of the 9th over - 0 runs, 2 hits, 0 errors, 2 left on base; Washington (APP) 11 - Kingsport 5 |
|